 Dungeon Crawl Stone Soup version 0.23.1 (webtiles) character file.

Game seed: 16834485947611091109

106 kae the Conjurer (level 4, 0/29 HPs)
             Began as an Octopode Conjurer on Mar 17, 2019.
             Succumbed to an adder's poison
             ... on level 3 of the Dungeon.
             The game lasted 00:04:37 (3431 turns).

kae the Conjurer (Octopode Conjurer)                Turns: 3431, Time: 00:04:37

Health: 0/29       AC:  1    Str:  7    XL:     4   Next: 84%
Magic:  8/8        EV: 17    Int: 18    God:
Gold:   145        SH:  0    Dex: 12    Spells: 2/8 levels left

rFire    . . .     SeeInvis .   (no weapon)
rCold    . . .     Gourm    .   (no shield)
rNeg     . . .     Faith    .   (helmet restricted)
rPois    .         Spirit   .   (no amulet)
rElec    +         Reflect  .   e - +4 ring of evasion
rCorr    .         Harm     .   (no ring)
MR       +....                  (no ring)
Stlth    +++.......             (no ring)
HPRegen  0.09/turn              (no ring)
MPRegen  0.11/turn              (no ring)
                                (no ring)
                                (no ring)

@: lethally poisoned (0 -> -3)
A: almost no armour, stealthy swim, amphibious, 8 rings, constrict 8, camouflage
1, deterioration 1, magic resistance 1, electricity resistance, wild magic 1,
gelatinous body 1
a: no special abilities


You were on level 3 of the Dungeon.
You were not hungry.

You visited 1 branch of the dungeon, and saw 3 of its levels.

You collected 145 gold pieces.

Inventory:

Jewellery
 e - a +4 ring of evasion (left tentacle)
Wands
 d - a wand of flame (19)
Scrolls
 c - a scroll of teleportation
 i - a scroll of fear {unknown}
Potions
 a - a potion of mutation
Comestibles
 b - 2 rations
 h - a chunk of flesh


   Skills:
 + Level 1.6 Fighting
 - Level 2.0 Dodging
 - Level 2.6 Stealth
 + Level 2.8 Spellcasting
 * Level 5.2 Conjurations


You had 2 spell levels left.
You knew the following spells:

 Your Spells              Type           Power        Failure   Level  Hunger
a - Magic Dart            Conj           ####         3%          1    None
b - Searing Ray           Conj           ####..       5%          2    ##.....
c - Dazzling Spray        Conj/Hex       ###...       24%         3    ###....

Your spell library contained the following spells:

 Spells                   Type           Power        Failure   Level  Hunger
 Iskenderun's Mystic Bla  Conj           ####....     28%         4    ####...
 Force Lance              Conj/Tloc      ###.....     58%         4    ####...
 Fulminant Prism          Conj/Hex       ###.......   58%         4    ####...


Dungeon Overview and Level Annotations

Branches:
Dungeon (3/15)

Altars:
Ashenzari
Qazlal


Innate Abilities, Weirdness & Mutations

You cannot wear most types of armour.
You are very stealthy in the water. (Stealth+)
You are amphibious.
You can wear up to eight rings at the same time.
You can use your tentacles to constrict eight enemies at once.
Your skin changes colour to match your surroundings (Stealth+).
Your rubbery body absorbs attacks. (AC +1, EV +1)
Your body sometimes deteriorates upon taking damage.
You are resistant to hostile enchantments. (MR+)
You are resistant to electric shocks. (rElec)
Your spells are a little harder to cast, but a little more powerful.


Message History

The centaur is lightly wounded.
You feel sick. The centaur closely misses you. The adder bites you.
The centaur hits you.
You barely miss the centaur.
The centaur is lightly wounded.
The adder bites you. The centaur hits you.
* * * LOW HITPOINT WARNING * * *
You tentacle-slap the centaur but do no damage.
The centaur is lightly wounded.
The centaur closely misses you. The adder bites you.
* * * LOW HITPOINT WARNING * * *
The centaur closely misses you.
It was a potion of mutation.
You feel extremely strange.
You feel resistant to hostile enchantments.
You feel less in control of your magic.
You feel yourself wasting away.
You feel insulated. The adder closely misses you. The centaur misses you.
The adder closely misses you.
It was a potion of cancellation.
You feel magically purged.
You die...

.....♣.....####.# ######
......)... #..#######.
#..♣...♣..####.#........
##.......##......#######
.....#.....##..###
#..#......####..#
#......ll.####....
#.....cS#......##..#####
#......@...##### .......
#.....(.##..... ...###
.$....... ...## #.
#........#.#..#
.........#.##...
#...>..#.# ### #......
.# ###.... ..


You could see a centaur, an adder and 2 leopard geckos.

Vanquished Creatures
  Robin (D:3)
  2 adders (D:2)
  A dart slug (D:2)
  2 leopard geckos
  2 giant cockroaches (D:1)
  18 goblins
  9 hobgoblins
  8 jackals
  5 kobolds (D:1)
  7 bats
  2 frilled lizards (D:1)
  9 rats
66 creatures vanquished.

Notes
Turn   | Place    | Note
-------+----------+-------------------------------------------
     0 | D:1      | kae the Octopode Conjurer began the quest for the Orb.
     0 | D:1      | Reached XP level 1. HP: 11/11 MP: 3/3
   277 | D:1      | Reached XP level 2. HP: 14/17 MP: 5/5
   840 | D:1      | Reached XP level 3. HP: 22/22 MP: 4/6
   844 | D:1      | Learned a level 2 spell: Searing Ray
   848 | D:1      | Learned a level 3 spell: Dazzling Spray
  1302 | D:2      | Reached skill level 1 in Fighting
  1511 | D:2      | Found a stormy altar of Qazlal.
  2222 | D:2      | Found a shattered altar of Ashenzari.
  2239 | D:2      | Reached XP level 4. HP: 18/28 MP: 3/7
  2577 | D:2      | Found a stormy altar of Qazlal.
  2939 | D:2      | Reached skill level 5 in Conjurations
  3060 | D:3      | Noticed Robin
  3233 | D:3      | Killed Robin
  3418 | D:3      | Noticed a centaur
  3429 | D:3      | HP: 1/29 [adder (4)]
  3430 | D:3      | Gained mutation: You are resistant to hostile enchantments.
                  | (MR+) [potion of mutation]
  3430 | D:3      | Gained mutation: Your spells are a little harder to cast,
                  | but a little more powerful. [potion of mutation]
  3430 | D:3      | Gained mutation: Your body sometimes deteriorates upon
                  | taking damage. [potion of mutation]
  3430 | D:3      | Gained mutation: You are resistant to electric shocks.
                  | (rElec) [potion of mutation]
  3431 | D:3      | Succumbed to an adder's poison

Skill      XL: |  1  2  3  4 |
---------------+-------------+-----
Fighting       | 1 |  1.6
Conjurations   | 5 |  5.2
Dodging        | |  2.0
Stealth        | |  2.6
Spellcasting   | |  2.8

Action                   |  1- 3 |  4- 6 || total
-------------------------+-------+-------++-------
Melee: Unarmed           |   115 |    55 ||   170
       Constrict         |    34 |    15 ||    49
       Tentacles         |    16 |    12 ||    28
 Cast: Magic Dart        |    21 |    11 ||    32
       Dazzling Spray    |     1 |       ||     1
       Searing Ray       |       |     1 ||     1
  Use: Scroll            |     3 |     3 ||     6
       Potion            |       |     3 ||     3
 Stab: Sleeping          |     7 |       ||     7
  Eat: Chunk             |     3 |     5 ||     8
Armor: Skin              |     6 |     3 ||     9
Dodge: Dodged            |   104 |    41 ||   145
